 Dungeon Crawl Stone Soup version 0.24-a0-474-g47c397e050 (webtiles) character file.

Game seed: 16582288418035021269

219 Elric the Ruffian (level 5, -1/40 HPs)
             Began as a Draconian Transmuter on July 4, 2019.
             Killed by divine providence
             ... invoked by an orc priest
              (11 damage)
             ... on level 2 of the Dungeon.
             The game lasted 00:05:50 (2748 turns).

Elric the Ruffian (Draconian Transmuter)            Turns: 2748, Time: 00:05:50

Health: -1/40      AC:  5    Str: 12    XL:     5   Next: 63%
Magic:  6/8        EV: 12    Int: 15    God:
Gold:   98         SH:  0    Dex: 11    Spells: 2/8 levels left

rFire    . . .     SeeInvis .     - Unarmed
rCold    . . .     Gourm    .   (no shield)
rNeg     . . .     Faith    .   (armour unavailable)
rPois    .         Spirit   .   (helmet restricted)
rElec    .         Reflect  .   (no cloak)
rCorr    .         Harm     .   (no gloves)
MR       .....                  (boots currently unavailable)
Stlth    +.........             (no amulet)
HPRegen  0.13/turn              (no ring)
MPRegen  0.11/turn              (no ring)

@: appendage (expiring), slowed, very slow
A: unfitting armour, talons 3, cold-blooded, AC +5
a: End Transformation


You were on level 2 of the Dungeon.
You were not hungry.
You had grown temporary talons.
You visited 1 branch of the dungeon, and saw 2 of its levels.

You collected 98 gold pieces.

Inventory:

Missiles
 a - 12 arrows
Scrolls
 b - a scroll of fog {unknown}
 d - a scroll of noise {unknown}
 e - a scroll of enchant weapon {unknown}
 f - a scroll of fear {unknown}
 g - a scroll of identify {unknown}
 h - a scroll of enchant armour {unknown}
Potions
 i - 2 potions of curing {unknown}
Comestibles
 c - 5 rations


   Skills:
 - Level 1.1 Fighting
 - Level 1.7 Dodging
 - Level 5.2 Unarmed Combat
 - Level 2.0 Spellcasting
 * Level 4.1 Transmutations


You had 2 spell levels left.
You knew the following spells:

 Your Spells              Type           Power        Failure   Level  Hunger
a - Beastly Appendage     Tmut           ##....       4%          1    #......
b - Sticks to Snakes      Tmut           ##......     6%          2    ###....
c - Spider Form           Tmut/Pois      #.........   28%         3    ###....

Your spell library contained the following spells:

 Spells                   Type           Power        Failure   Level  Hunger
 Ice Form                 Ice/Tmut       #.......     67%         4    #####..
 Blade Hands              Tmut           ##........   75%         5    ######.


Dungeon Overview and Level Annotations

Branches:
Dungeon (2/15)

Altars:

Annotations:
D:2 Natasha, Robin


Innate Abilities, Weirdness & Mutations

Your plain brown scales are hard. (AC +5)
You cannot fit into any form of body armour.
You are cold-blooded and may be slowed by cold attacks.
You have claws for feet.


Message History

The orc priest miscasts a cantrip.
The orc priest barely misses you.
The orc priest calls down the wrath of Beogh upon you.
Pain shoots through your body!
You hit the orc priest.
The orc priest is moderately wounded.
Your transformation is almost over.
The orc priest invokes the aid of Beogh against you.
Pain shoots through your body! The orc barely misses you.
The orc priest barely misses you.
You closely miss the orc priest. You claw the orc priest.
The orc priest is heavily wounded.
The orc priest hits you with a +0 short sword!
* * * LOW HITPOINT WARNING * * *
The orc barely misses you.
You punch the orc priest! Your kick misses the orc priest.
The orc priest is almost dead.
The orc priest mumbles some strange prayers to Beogh against you.
Beogh smites you!
You die...

## ##'#.#####
#........###########
#....##............#
##...........^......#
.......#......))@...# ########
.......#.)((<.†.oo..###......#
..........####......#.....##.#
#.###.<##.####......#.#.#.#
...................>#.#÷#.#
#..#...........####.......#
#........#.#...##.#...#...##
.............)....#))........#
.........#o#........###...####


You could see an orc priest and an orc.

Vanquished Creatures
  An orc priest (D:2)
  Terence (D:1)
  Natasha (D:2)
  2 orc wizards (D:2)
  2 adders
  An ooze (D:1)
  A worm (D:1)
  2 dart slugs (D:1)
  3 leopard geckos
  2 orcs (D:2)
  11 goblins
  5 hobgoblins
  3 jackals
  A quokka (D:2)
  10 bats
  2 frilled lizards
  3 kobolds
  5 rats
56 creatures vanquished.

Notes
Turn   | Place    | Note
-------+----------+-------------------------------------------
     0 | D:1      | Elric the Draconian Transmuter began the quest for the Orb.
     0 | D:1      | Reached XP level 1. HP: 16/16 MP: 3/3
   168 | D:1      | Reached XP level 2. HP: 16/23 MP: 3/5
   226 | D:1      | You fall into a shaft and drop 1 floor!
   291 | D:1      | Reached skill level 4 in Unarmed Combat
   806 | D:1      | Reached XP level 3. HP: 8/28 MP: 4/6
  2022 | D:2      | Learned a level 2 spell: Sticks to Snakes
  2026 | D:2      | Learned a level 3 spell: Spider Form
  2052 | D:2      | Reached XP level 4. HP: 28/35 MP: 4/7
  2061 | D:2      | Noticed Terence
  2083 | D:1      | Killed Terence
  2083 | D:1      | Reached skill level 5 in Unarmed Combat
  2257 | D:2      | Noticed Natasha
  2275 | D:2      | Killed Natasha
  2280 | D:2      | Reached XP level 5. HP: 23/40 MP: 4/8
  2292 | D:2      | Noticed Natasha
  2498 | D:2      | Noticed Robin
  2748 | D:2      | Killed from afar by an orc priest

Levels and vault maps discovered:
D:1:      dpeg_chamrin_arrival_tetris, layout_basic
D:2:      cheibrodos_pilgrimage, layout_basic, uniq_natasha, uniq_robin,
          uniq_sigmund, uniq_terence

Skill      XL: |  1  2  3  4  5 |
---------------+----------------+-----
Unarmed Combat | 4 5 |  5.2
Transmutations | 3 4 |  4.1
Fighting       | |  1.1
Dodging        | |  1.7
Spellcasting   | |  2.0

Action                   |  1- 3 |  4- 6 || total
-------------------------+-------+-------++-------
Melee: Unarmed           |   125 |    50 ||   175
       Tailslap          |    12 |     1 ||    13
       Headbutt          |    11 |     1 ||    12
       Punch             |     2 |     1 ||     3
       Kick              |     5 |     4 ||     9
 Cast: Beastly Appendage |    21 |     6 ||    27
       Spider Form       |     1 |     4 ||     5
  Eat: Chunk             |     4 |     2 ||     6
       Ration            |       |     1 ||     1
Armor: Skin              |    96 |    12 ||   108
Dodge: Dodged            |   179 |    41 ||   220

Table legend:
 A = Non-vault XP
 B = Vault XP
 C = Vault XP percentage of total XP
 D = Non-vault monster count
 E = Vault monster count
 F = Vault count percentage of total count
                 A         B        C        D         E       F
            +---------+---------+-------+---------+---------+-------
      Total |     106 |     207 |  66.1 |      43 |      13 |  23.2
            +---------+---------+-------+---------+---------+-------
        D:1 |      76 |      41 |  35.0 |      32 |       4 |  11.1
        D:2 |      30 |     166 |  84.7 |      11 |       9 |  45.0
            +---------+---------+-------+---------+---------+-------
